AoeStats
← Cris

Arabia

508713268Analyzed
1v1 RM · 10d ago on Sep 23, 2026· 26m 4s· 2 players
Game mode
Random Map
Map size
Tiny (2 player)
Population
200
Speed
Normal
Resources
Standard
Victory
Conquest
Starting age
Dark Age
Ending age
Imperial Age
RankedLock teamsTeams togetherTeam positionsShared explorationLock speedFull tech treeHidden civsTurbo modeCheats
Victory
Defeat
🇨🇱 Ethiopians · Chile
1313
+15
🇩🇪 Huns · Germany
1296
-15
Mc_Muffin
6:40 Loom
11:21 Feudal Age
10:20 Loom
12:20 Double-Bit Axe
12:17 Horse Collar
15:25 Wheelbarrow
16:44 Fletching
20:37 Castle Age
20:26 Padded Archer Armor
21:48 Bow Saw
21:03 Elite Skirmisher
25:23 Hand Cart
25:55 Gold Mining
Cris
7:41 Loom
10:05 Feudal Age
10:41 Double-Bit Axe
14:29 Fletching
22:00 Castle Age
20:19 Horse Collar
20:32 Gold Mining
21:41 Padded Archer Armor
21:52 Forging
22:49 Bodkin Arrow
22:16 Crossbowman
23:43 Gold Shaft Mining
23:53 Scale Barding Armor
26:42 Leather Archer Armor
27:03 Iron Casting
Connection lost

Rejoining the realm…

Still unreachable

The connection could not be restored.

Session expired

The server has moved on; the page needs a fresh start.